Unix NetHack Version 3.7.0-89 Work-in-progress - last build Oct 29 2023 02:39:45 (20cca84197b74dff38aa9bb07c633f6875ef724d,branch:master). Game began 2023-10-31 19:41:36, ended 2023-10-31 21:11:02. BeanNighe, neutral male human Tourist --------------------------------- #................................| ----- |)----....-----.----|--..-----..| ....| ..|..|---.|...|.-..|..|..|..(|..| |...| |[| .|((|.|._.|.|..|..|..|(.(|..| |...| |.--.|](|.|...-.--------.|...|.o| +...| |....|..|.|...|....-...|.--|--.n| |...| |.{..--|-.----|....| |........| #...<| |..........|..|-+-.-----..-----o| #----- |....--|-..-..| |........|...|@| # |.--|-..|.----| ---|-....-...|.| ### |.|..|..|.|..?|--- ..|---.-----.|# # |.|..|---.)..)|..|...|..-.......|# ####### |.|..|....|??.|..|...|..|.......|### |.----....------|--------.....{.-## |..............(................|# --------------------------------- BeanNighe the Excursionist St:14 Dx:14 Co:18 In:13 Wi:7 Ch:13 Neutral Dlvl:6 $:392 HP:0(56) Pw:15(15) AC:5 Xp:6/443 T:4500 Latest messages: Swapping: p - an uncursed pick-axe. What do you want to wield? [- ap or ?*] p - an uncursed pick-axe (weapon in hand). You hit the manes. You miss the manes. You miss the manes. You hit the manes. Lucey picks up a scroll of teleportation. You destroy the manes! Lucey drops a scroll of teleportation. You hear some noises in the distance. You hear water falling on coins. You hear someone beseeching Blind Io. You hear an animal carcass being offered in sacrifice. The dwarf mummy hits! You miss the dwarf mummy. The dwarf mummy hits! You hit the dwarf mummy. The dwarf mummy hits! You miss the dwarf mummy. The dwarf mummy just misses! You hit the dwarf mummy. You hit the dwarf mummy. The dwarf mummy hits! You hit the dwarf mummy. The dwarf mummy hits! You hit the dwarf mummy. You hit the dwarf mummy. The dwarf mummy hits! You miss the dwarf mummy. You hit the dwarf mummy. The dwarf mummy hits! You hit the dwarf mummy. The dwarf mummy hits! You hit the dwarf mummy. You miss the dwarf mummy. The dwarf mummy hits! You destroy the dwarf mummy! The Uruk-hai picks up a rotted mummy wrapping. You miss the Uruk-hai. The Uruk-hai hits! You miss the Uruk-hai. You miss the Uruk-hai. The Uruk-hai just misses! You hit the Uruk-hai. The Uruk-hai hits! You hit the Uruk-hai. You hit the Uruk-hai. The Uruk-hai hits! You die... Inventory: Coins ('$') $ - 392 gold pieces Amulets ('"') B - an uncursed amulet of magical breathing (being worn) Weapons (')') a - an uncursed +2 dart Armor ('[') J - a blessed +1 pair of iron shoes (being worn) v - an uncursed +0 pair of iron shoes l - an uncursed +0 Hawaiian shirt with an orchid motif (being worn) u - an uncursed +0 orcish ring mail (being worn) Comestibles ('%') g - an uncursed banana r - an uncursed clove of garlic e - 2 uncursed pancakes T - an uncursed pear f - an uncursed tin of pickled kobold meat b - 2 uncursed eggs s - an uncursed lichen corpse Scrolls ('?') Z - an uncursed scroll of amnesia D - an uncursed scroll of blank paper Q - an uncursed scroll of confuse monster i - a blessed scroll of enchant weapon d - an uncursed scroll of enchant weapon O - 2 uncursed scrolls of identify F - a blessed scroll of light k - an uncursed scroll of magic mapping named blessed R - a cursed scroll of teleportation Potions ('!') j - 2 uncursed potions of extra healing q - an uncursed potion of gain energy V - an uncursed potion of invisibility Y - a cursed potion of levitation w - an uncursed potion of sickness Rings ('=') H - an uncursed ring of aggravate monster K - an uncursed ring of cold resistance z - an uncursed ring of fire resistance P - an uncursed +2 ring of gain constitution L - an uncursed +0 ring of gain constitution G - an uncursed ring of shock resistance N - an uncursed ring of teleport control Wands ('/') X - an uncursed wand of secret door detection (0:12) Tools ('(') t - an uncursed blindfold E - an uncursed can of grease (0:8) n - an uncursed credit card m - an uncursed expensive camera (0:48) y - an uncursed lock pick p - an uncursed +0 pick-axe (weapon in hand) U - an uncursed skeleton key c - an uncursed tin whistle W - an uncursed tin whistle Gems/Stones ('*') o - 2 uncursed jet stones I - 2 uncursed worthless pieces of white glass BeanNighe the Tourist's attributes: Background: You were an Excursionist, a level 6 male human Tourist. You were neutral, on a mission for The Lady who was opposed by Blind Io (lawful) and Offler (chaotic). You were in the Gnomish Mines, on level 6. You entered the dungeon 4500 turns ago. There was a full moon in effect when your adventure ended. You had 443 experience points, 197 more were needed to attain level 7. Basics: You had 0 out of 56 hit points. You had all 15 energy points (spell power). Your armor class was 5. Your wallet contained 392 zorkmids. Autopickup was on for '$?!"=/*', with exceptions. Final Characteristics: Your strength was 14 (limit:18/100). Your dexterity was 14 (limit:18). Your constitution was 18 (limit:18). Your intelligence was 13 (limit:18). Your wisdom was 7 (limit:18). Your charisma was 13 (limit:18). Final Status: You weren't hungry. You were unencumbered. You were wielding a pick-axe. You were unskilled in pick-axe. Final Attributes: You were piously aligned. You were telepathic. You could survive without air. You were warded. You were lucky. You are dead. Miscellaneous: You disabled loading of bones levels. Total elapsed playing time was 37 minutes and 33 seconds. Major events: Turn 1: BeanNighe the neutral male human Tourist entered the dungeon 247: entered the Gnomish Mines 1701: attained the rank of Sightseer (level 3) 3871: reached Mine Town 3920: attained the rank of Excursionist (level 6) 4500: killed by an Uruk-hai Vanquished creatures: a dwarf mummy an Uruk-hai a rock piercer a rock mole a pony a yellow light 3 gnome leaders 3 gnomish wizards 2 giant ants 3 floating eyes 7 dwarves a homunculus 2 kobold leaders 2 kobold shamans 3 rothes a rabid rat 2 giant bats a monkey 5 iguanas an acid blob a coyote a hobbit a manes a hobgoblin a giant rat a cave spider 2 brown molds a yellow mold a red mold 20 gnomes 2 gnome zombies 3 geckos 6 jackals a fox 2 goblins 2 sewer rats 11 grid bugs 3 lichens 2 kobold zombies 6 newts 110 creatures vanquished. No species were genocided or became extinct. Voluntary challenges: You read items or engraved 17 times. You never engraved Elbereth. You never genocided any monsters. You never polymorphed an object. You never changed form. You used no wishes. Achievements: You entered the Gnomish Mines. You entered a shop. You attained the rank of Sightseer. You entered Minetown. You entered a temple. You attained the rank of Excursionist. The Dungeons of Doom: levels 1 to 5 Level 1: Level 2: A scroll shop, a fountain. Stairs down to The Gnomish Mines. Level 3: Level 4: A jewelers. Level 5: Many fountains. The Gnomish Mines: levels 3 to 6 Level 3: Level 4: Level 5: Level 6: <- You were here. Many shops, a temple and an altar, some fountains. Final resting place for you, killed by an Uruk-hai. Game over: ---------- / \ / REST \ / IN \ / PEACE \ / \ | BeanNighe | | 392 Au | | killed by an | | Uruk-hai | | | | | | 2023 | *| * * * | * _________)/\\_//(\/(/\)/\//\/|_)_______ Aloha BeanNighe the Tourist... You died in The Gnomish Mines on dungeon level 6 with 2032 points, and 392 pieces of gold, after 4500 moves. You were level 6 with a maximum of 56 hit points when you died.